 Dungeon Crawl Stone Soup version 0.31-a0-174-g85c54bcb58 (webtiles) character file.

Game seed: 11810929471231396005

54733 TittyCrusher the Brawler (level 14, -1/133 HPs)
             Began as a Troll Monk on June 15, 2023.
             Was the Champion of Cheibriados.
             Slain by a minotaur
             ... wielding a +1 war axe of freezing
              (14 damage)
             ... in a Gauntlet.
             The game lasted 00:30:20 (11778 turns).

TittyCrusher the Brawler (Troll Monk)              Turns: 11778, Time: 00:30:20

Health: -1/133     AC: 13    Str: 47    XL:     14   Next: 35%
Magic:  18/18      EV: 20    Int: 21    God:    Cheibriados [******]
Gold:   707        SH:  5    Dex: 33    Spells: 11/13 levels left

rFire   . .          .
                       - Unarmed
rCold   . . .        c - orb {light}
rNeg    . . .        I - +1 steam dragon scales
rPois   +            (helmet restricted)
rElec   .            E - +2 cloak
rCorr   .            (gloves unavailable)
SInv    .            (boots unavailable)
Will    +....        o - amulet of reflection
Stlth   +            K - +6 ring of dexterity
HPRegen 1.22/turn    F - +6 ring of strength
MPRegen 0.16/turn

%: no teleportation, reflection
@: mighty, glowing, unable to drink, very slow
A: large, unfitting armour, claws 3, regeneration 1, shaggy fur 1, tough skin 1,
horns 1, iridescent scales 1, low MP 1, poison resistance, inability to drink
after injury 1
a: Renounce Religion, Bend Time, Temporal Distortion, Slouch, Step From Time


You were in a Gauntlet.
You worshipped Cheibriados.
Cheibriados was exalted by your worship.
You visited 3 branches of the dungeon, and saw 17 of its levels.
You also visited: Gauntlet.

You collected 1253 gold pieces.
You spent 546 gold pieces at shops.

Inventory:

Missiles
 y - 4 large rocks
 Y - 3 throwing nets
Armour
 c - an orb of light (worn)
 i - a +2 robe of fire resistance
 E - a +2 cloak (worn)
 I - +1 steam dragon scales (worn)
 J - a scarf of resistance
Magical Staves
 A - a staff of fire
 N - a staff of earth
Jewellery
 f - a ring of protection from cold
 g - the ring of the Garden {rN+ Str+3 Int+2}
   (You found it in a Gauntlet)

   [ring of positive energy]

   Str:       It affects your strength (+3).
   Int:       It affects your intelligence (+2).
   rN:        It protects you from negative energy.
 h - a +4 ring of protection
 l - a +4 ring of protection
 o - an amulet of reflection (around neck)
 p - a +6 ring of intelligence
 q - a ring of flight
 u - the amulet "Wyf Vuuq" {Spirit +Inv}
   (You found it in a Gauntlet)

   [amulet of guardian spirit]

   It causes incoming damage to be divided between your reserves of health and
   magic.
   +Inv:      It lets you turn invisible.
 v - a ring of positive energy
 F - a +6 ring of strength (right claw)
 K - a +6 ring of dexterity (left claw)
 P - a ring of magical power
 Z - an amulet of the acrobat
Wands
 a - a wand of iceblast (30)
 G - a wand of polymorph (4)
 R - a wand of light (7)
 V - a wand of charming (6)
 W - a wand of digging (8)
 X - a wand of flame (8)
Scrolls
 d - 6 scrolls of teleportation
 j - a scroll of revelation
 k - 2 scrolls of fog
 m - 2 scrolls of blinking
 t - 2 scrolls of poison
 B - 2 scrolls of fear
 D - a scroll of vulnerability
 U - 4 scrolls of identify
Potions
 b - 5 potions of ambrosia
 e - a potion of brilliance
 n - 5 potions of curing
 r - a potion of magic
 s - 2 potions of enlightenment
 z - 3 potions of heal wounds
 L - 2 potions of might
 O - 2 potions of mutation
 T - a potion of attraction
Miscellaneous
 C - a lightning rod (4/4)
 M - a condenser vane


   Skills:
 - Level 7.4 Fighting
 - Level 9.3 Dodging
 - Level 17.7 Unarmed Combat
 - Level 4.0 Transmutations
 + Level 10.9 Invocations


You had 11 spell levels left.
You knew the following spells:

 Your Spells              Type           Power      Damage    Failure   Level
a - Wereblood             Tmut           16%        N/A       5%          2

Your spell library contained the following spells:

 Spells                   Type           Power      Damage    Failure   Level
 Necrotise                Necr           0%         1d4       19%         1
 Summon Small Mammal      Summ           0%         N/A       19%         1
 Spider Form              Tmut/Pois      8%         N/A       24%         3
 Cigotuvi's Dreadful Rot  Necr/Pois/Air  0%         N/A       26%         2
 Ensorcelled Hibernation  Hex/Ice        0%         N/A       26%         2
 Sublimation of Blood     Necr           0%         N/A       26%         2
 Call Canine Familiar     Summ           0%         N/A       47%         3
 Gell's Gravitas          Tloc           0%         N/A       47%         3
 Summon Guardian Golem    Hex/Summ       0%         N/A       47%         3
 Teleport Other           Tloc           0%         N/A       47%         3
 Vampiric Draining        Necr           0%         2d6       47%         3
 Petrify                  Tmut/Erth      8%         N/A       61%         4
 Anguish                  Hex/Necr       0%         N/A       87%         4
 Dispel Undead            Necr           0%         3d6       87%         4
 Manifold Assault         Tloc           0%         N/A       87%         4
 Irradiate                Conj/Tmut      4%         3d13      91%         5
 Agony                    Necr           0%         N/A       99%         5
 Death Channel            Necr           0%         N/A       100%        6
 Dispersal                Tloc           0%         N/A       100%        6
 Summon Hydra             Summ           0%         N/A       100%        7
 Disjunction              Tloc           0%         N/A       100%        8


Dungeon Overview and Level Annotations

Branches:
Dungeon (11/15)            Temple (1/1) D:6            Lair (5/5) D:9
  Swamp (0/4) Lair:3        Snake (0/4) Lair:2        Slime (0/5) Lair:5
    Orc (0/2) D:10        Gauntlet (1/1)

Altars:
Ashenzari
Cheibriados
Elyvilon
Fedhas
Gozag
Hepliaklqana
Kikubaaqudgha
Makhleb
Nemelex Xobeh
Okawaru
Qazlal
Sif Muna
Trog
Uskayaw
Vehumet
Xom
Yredelemnul
Zin
The Shining One

Shops:
D:2 =   D:7 ?   D:8 ?=*   D:9 !!:**

Annotations:
D:6 1 runed translucent door, Crazy Yiuf Gauntlet 4 transporters


Innate Abilities, Weirdness & Mutations

You are too large for most types of armour.
You have claws for hands.
Your natural rate of healing is unusually fast.
You are covered in fur. (AC +1)
You have tough skin. (AC +1)
You have a pair of small horns on your head.
You are partially covered in iridescent scales. (AC +2)
Your magical capacity is low. (-10% MP)
Your system is resistant to poisons. (rPois)
You occasionally lose the ability to drink potions when taking damage.


Message History

Found a wand of light (5).
Found a gate leading back out of this place.
Press: ? - help, v - describe, . - travel
Here: a minotaur, wielding a +1 war axe of freezing, wearing a +0 plate armour, wearing a +1 buckler of protection, wearing an amulet of reflection and quivering javelins (reflecting blocked projectiles, haloed)
The floor.
Unknown command.
You close the door.
You feel very mighty all of a sudden.
Something unseen opens the door.
The minotaur blocks your attack. x2; The minotaur completely misses you.
The minotaur gores you but does no damage.
The minotaur blocks your attack.
You mangle the minotaur!! You headbutt the minotaur!
The minotaur is moderately wounded.
The minotaur barely misses you. You block the minotaur's attack.
You eviscerate the minotaur!!!
The minotaur is almost dead.
The minotaur hits you with a +1 war axe of freezing!!
The minotaur freezes you! The minotaur gores you!
You claw the minotaur!
The minotaur is almost dead.
You completely miss the minotaur.
The minotaur is almost dead.
The minotaur misses you. The minotaur gores you!
You scratch the minotaur but do no damage.
The minotaur is almost dead.
The minotaur completely misses you. The minotaur gores you.
You claw the minotaur!
The minotaur is almost dead.
The minotaur blocks your attack. x2
The minotaur is almost dead.
The minotaur hits you with a +1 war axe of freezing!!
You feel threatened and lose the ability to drink potions!
The minotaur freezes you. The minotaur gores you!
The minotaur blocks your attack. x2
The minotaur is almost dead.
The minotaur hits you with a +1 war axe of freezing!!
* * * LOW HITPOINT WARNING * * *
The minotaur freezes you!
You die...

#≈...............≈##
#≈≈..8©8©8©8©8©8..≈≈#
##≈...............≈##
#####.###.###.#####
#.###.###.###
............#
##.###.###.#
.###.###.###.#
.......@.....#
######H####### ...
###. .. ≈∩ ≈≈≈ ###


You could see a minotaur (reflecting).

Vanquished Creatures
  Josephine (D:11)
  Harold (D:10)
  An entropy weaver (Gauntlet)
  3 catoblepae
  A boulder beetle (Lair:5)
  5 hydras
  3 two-headed ogres
  A tengu warrior (D:11)
  7 death yaks
  Nergalle (Lair:2)
  A skyshark (Lair:4)
  2 glowing orange brains (Gauntlet)
  A steelbarb worm (shapeshifter) (D:9)
  Pikel (D:8)
  2 ugly things
  A cyclops (D:9)
  22 elephants
  A black mamba (Lair:2)
  A large abomination (Gauntlet)
  A torpor snail (Lair:4)
  14 cane toads
  2 rime drakes (Lair:4)
  4 komodo dragons
  2 trolls
  5 polar bears
  4 tyrant leeches
  4 dream sheep (Lair:5)
  A hornet (D:10)
  21 blink frogs
  2 shadows (Gauntlet)
  Eustachio (D:6)
  3 wraiths (D:11)
  6 wyverns
  28 yaks
  2 basilisks (Lair:5)
  4 steam dragons
  A redback (Gauntlet)
  5 vampire mosquitoes (Lair:5)
  4 swamp worms
  8 water moccasins
  5 orc warriors
  Duvessa (D:4)
  An ice beast (D:5)
  A black bear (D:7)
  2 ogres
  15 wolves
  9 centaurs
  2 phantoms
  3 lemures (D:8)
  Blork the orc (D:6)
  2 kobold brigands (D:9)
  14 bullfrogs
  A scorpion (D:5)
  9 wights
  Dowan (D:4)
  13 killer bees (D:10)
  4 howler monkeys (D:9)
  2 electric eels (Lair:5)
  9 crimson imps (D:7)
  8 jellies
  4 small abominations (Gauntlet)
  A gnoll bouda (D:8)
  5 orc priests
  2 hounds
  5 iguanas
  3 sleepcaps
  20 orc wizards
  7 hell rats (Lair:1)
  11 gnolls
  6 adders
  2 white imps (D:7)
  An ufetubus (D:5)
  2 worms (D:2)
  31 orcs
  3 ball pythons
  3 bats
  6 endoplasms
  3 giant cockroaches
  6 goblins
  5 hobgoblins
  2 jackals (D:1)
  A quokka (D:4)
  A frilled lizard (D:3)
  5 kobolds
  3 rats
419 creatures vanquished.

Vanquished Creatures (others)
  A butterfly (D:8)
1 creature vanquished.

Grand Total: 420 creatures vanquished

Notes
Turn   | Place    | Note
-------+----------+-------------------------------------------
     0 | D:1      | TittyCrusher the Troll Monk began the quest for the Orb.
     0 | D:1      | Reached XP level 1. HP: 22/22 MP: 0/0
   203 | D:1      | Reached XP level 2. HP: 26/29 MP: 1/1
   577 | D:1      | Reached skill level 4 in Unarmed Combat
   577 | D:1      | Reached XP level 3. HP: 36/36 MP: 2/2
   654 | D:2      | Found a glowing silver altar of Zin.
   763 | D:2      | Reached XP level 4. HP: 44/44 MP: 3/3
   781 | D:2      | Found Lamuel's Jewellery Boutique.
  1183 | D:2      | Reached skill level 5 in Unarmed Combat
  1304 | D:3      | Found a faded altar of an unknown god.
  1521 | D:2      | Bought a ring of see invisible for 150 gold pieces
  1687 | D:4      | Reached XP level 5. HP: 32/50 MP: 4/4
  1770 | D:4      | Noticed Duvessa
  1770 | D:4      | Noticed Dowan
  1777 | D:4      | Killed Duvessa
  1778 | D:4      | Reached skill level 6 in Unarmed Combat
  1780 | D:4      | Killed Dowan
  1781 | D:4      | Reached skill level 7 in Unarmed Combat
  1781 | D:4      | Reached XP level 6. HP: 57/59 MP: 5/5
  2421 | D:5      | Entered Level 5 of the Dungeon
  2436 | D:5      | Reached skill level 8 in Unarmed Combat
  2436 | D:5      | Reached XP level 7. HP: 66/66 MP: 6/6
  3094 | D:5      | Reached skill level 9 in Unarmed Combat
  3101 | D:5      | Found a stormy altar of Qazlal.
  3117 | D:5      | Found a broken altar of Ashenzari.
  3188 | D:6      | Gained mutation: You have hidden genetic defects. [potion
                  | of mutation]
  3188 | D:6      | Gained mutation: Your flesh is heat resistant. (rF+)
                  | [potion of mutation]
  3270 | D:5      | Reached XP level 8. HP: 74/74 MP: 7/7
  3275 | D:6      | Gained mutation: You are weak. (Str -2) [hidden defects]
  3280 | D:6      | Reached skill level 10 in Unarmed Combat
  3308 | D:6      | Found a runed translucent door.
  3309 | D:6      | Noticed Crazy Yiuf
  3354 | D:6      | Found a shimmering blue altar of Sif Muna.
  3360 | D:6      | Noticed Blork the orc
  3366 | D:6      | Killed Blork the orc
  3450 | D:6      | Found a staircase to the Ecumenical Temple.
  3464 | Temple   | Entered the Ecumenical Temple
  3506 | Temple   | Became a worshipper of Cheibriados the Contemplative
  3506 | Temple   | Reached * piety under Cheibriados
  3506 | Temple   | Reached ** piety under Cheibriados
  3538 | Temple   | Learned a level 2 spell: Wereblood
  3560 | D:6      | Noticed Eustachio
  3572 | D:6      | Killed Eustachio
  3591 | D:6      | Gained mutation: Your magical capacity is low. (-10% MP)
                  | [hidden defects]
  3591 | D:6      | Lost mutation: You have hidden genetic defects. [hidden
                  | defects expressed]
  3601 | D:6      | Reached skill level 11 in Unarmed Combat
  3942 | D:7      | Found an iron altar of Okawaru.
  3989 | D:7      | Reached skill level 12 in Unarmed Combat
  4003 | D:7      | Reached XP level 9. HP: 68/80 MP: 7/7
  4062 | D:7      | Found Vyimeuno's Magic Scroll Shop.
  4110 | D:7      | Bought a scroll of fear for 52 gold pieces
  4110 | D:7      | Bought a scroll of identify for 26 gold pieces
  4110 | D:7      | Bought a scroll of vulnerability for 52 gold pieces
  4110 | D:7      | Bought a scroll of identify for 26 gold pieces
  4137 | D:7      | Reached *** piety under Cheibriados
  4193 | D:7      | Bought a scroll of enchant armour for 97 gold pieces
  4262 | D:7      | Reached skill level 13 in Unarmed Combat
  4322 | D:7      | Found a radiant altar of Vehumet.
  4456 | D:8      | Found a white marble altar of Elyvilon.
  4456 | D:8      | Noticed Pikel
  4468 | D:8      | Killed Pikel
  4603 | D:8      | Found Haroun's Jewellery Boutique.
  4642 | D:8      | Found Komiagh's General Store.
  4658 | D:8      | Reached skill level 14 in Unarmed Combat
  4676 | D:8      | Bought a scroll of identify for 30 gold pieces
  4703 | D:8      | Reached skill level 1 in Transmutations
  4715 | D:8      | Reached XP level 10. HP: 88/88 MP: 8/8
  4784 | D:8      | Found Jierch's Magic Scroll Boutique.
  4792 | D:8      | Bought a scroll of fear for 52 gold pieces
  4879 | D:8      | Reached **** piety under Cheibriados
  4894 | D:8      | Found a hide-covered altar of Uskayaw.
  5108 | D:9      | Found Vumuiba's Assorted Antiques.
  5178 | D:9      | Reached skill level 15 in Unarmed Combat
  5205 | D:9      | Found Lekanag's General Store.
  5237 | D:9      | Bought a scroll of identify for 28 gold pieces
  5337 | D:9      | Reached skill level 1 in Invocations
  5365 | D:9      | Reached ***** piety under Cheibriados
  5365 | D:9      | Noticed a two-headed ogre
  5382 | D:9      | Killed a two-headed ogre
  5389 | D:9      | Reached skill level 5 in Invocations
  5390 | D:9      | Noticed a steelbarb worm
  5395 | D:9      | Killed a steelbarb worm
  5399 | D:9      | Reached XP level 11. HP: 48/94 MP: 7/12
  5575 | D:9      | Found Uratueri's Distillery.
  5580 | D:9      | Bought a potion of curing for 33 gold pieces
  5695 | D:9      | Found Cuikuj's Book Boutique.
  5741 | D:9      | Found Caehoilu's Distillery.
  5937 | D:9      | Found a staircase to the Lair.
  5996 | Lair:1   | Entered Level 1 of the Lair of Beasts
  6084 | Lair:1   | Lost mutation: You are weak. (Str -2) [potion of mutation]
  6084 | Lair:1   | Lost mutation: Your flesh is heat resistant. (rF+) [potion
                  | of mutation]
  6084 | Lair:1   | Gained mutation: Your system is resistant to poisons.
                  | (rPois) [potion of mutation]
  6084 | Lair:1   | Gained mutation: You are partially covered in iridescent
                  | scales. (AC +2) [potion of mutation]
  6084 | Lair:1   | Gained mutation: You occasionally lose the ability to drink
                  | potions when taking damage. [potion of mutation]
  6084 | Lair:1   | Gained mutation: You have a pair of small horns on your
                  | head. [potion of mutation]
  6247 | Lair:1   | Reached skill level 5 in Fighting
  6586 | Lair:1   | Noticed a catoblepas
  6597 | Lair:1   | Killed a catoblepas
  7010 | Lair:2   | Noticed a death yak
  7011 | Lair:2   | Noticed a death yak
  7022 | Lair:2   | Killed a death yak
  7022 | Lair:2   | Reached ****** piety under Cheibriados
  7023 | Lair:2   | Reached XP level 12. HP: 79/118 MP: 11/14
  7025 | Lair:2   | Noticed a death yak
  7026 | Lair:2   | Killed a death yak
  7044 | Lair:2   | Killed a death yak
  7121 | Lair:2   | Noticed Nergalle
  7125 | Lair:2   | Killed Nergalle
  7366 | Lair:2   | Found a staircase to the Snake Pit.
  7825 | Lair:3   | Reached skill level 5 in Dodging
  7825 | Lair:3   | Noticed a five-headed hydra
  7836 | Lair:3   | Killed an eight-headed hydra
  8237 | Lair:3   | Noticed a four-headed hydra
  8246 | Lair:3   | Killed an eight-headed hydra
  8299 | Lair:3   | Noticed a seven-headed hydra
  8307 | Lair:3   | Killed an 11-headed hydra
  8341 | Lair:3   | Found a staircase to the Swamp.
  8780 | Lair:4   | Noticed a death yak
  8781 | Lair:4   | Noticed a death yak
  8782 | Lair:4   | Noticed a death yak
  8782 | Lair:4   | Noticed a death yak
  8790 | Lair:4   | Killed a death yak
  8795 | Lair:4   | Killed a death yak
  8796 | Lair:4   | Reached XP level 13. HP: 115/124 MP: 13/15
  9173 | Lair:4   | Reached skill level 16 in Unarmed Combat
  9320 | Lair:5   | Entered Level 5 of the Lair of Beasts
  9537 | Lair:5   | Reached skill level 17 in Unarmed Combat
  9868 | Lair:5   | Found a staircase to the Slime Pits.
 10119 | Lair:5   | Identified the +5 demon whip "Woecuz" {speed, rN+ Str+5
                  | Int-3}
 10165 | Lair:5   | Reached XP level 14. HP: 133/133 MP: 17/17
 10528 | D:10     | Entered Level 10 of the Dungeon
 10695 | D:10     | Noticed Harold
 10709 | D:10     | Killed Harold
 10789 | D:10     | Found a staircase to the Orcish Mines.
 11399 | D:11     | Noticed Josephine
 11410 | D:11     | Reached skill level 10 in Invocations
 11415 | D:11     | Killed Josephine
 11426 | D:11     | Found a gate leading to a gauntlet.
 11441 | Gauntlet | Entered a Gauntlet
 11441 | Gauntlet | Found a transporter.
 11458 | Gauntlet | Found a transporter.
 11461 | Gauntlet | Found a transporter.
 11462 | Gauntlet | Found a transporter.
 11466 | Gauntlet | Found a runed translucent door.
 11468 | Gauntlet | Found a runed translucent door.
 11470 | Gauntlet | Found a transporter.
 11473 | Gauntlet | Found a transporter.
 11474 | Gauntlet | Found a transporter.
 11483 | Gauntlet | Found a transporter.
 11486 | Gauntlet | Found a transporter.
 11487 | Gauntlet | Found a transporter.
 11495 | Gauntlet | Found a transporter.
 11498 | Gauntlet | Found a transporter.
 11499 | Gauntlet | Found a transporter.
 11515 | Gauntlet | Found a transporter.
 11691 | Gauntlet | Identified the ring of the Garden {rN+ Str+3 Int+2}
 11754 | Gauntlet | Identified the amulet "Wyf Vuuq" {Spirit +Inv}
 11778 | Gauntlet | Slain by a minotaur

Illustrated notes

Levels and vault maps discovered:
D:1:      dpeg_arrival_lava_temple_mockup, layout_basic
D:2:      layout_basic, serial_shops, nicolae_shop_advertising_works
          [nicolae_subvault_shop_adworks], basic_altar,
          nicolae_elevator_lobby_asterisk
D:3:      layout_rooms, chequers_ecumenical_altar_island
D:4:      layout_cave_pods, uniq_duvessa
D:5:      layout_loops_ring, mainiacjoe_overflow_swirl
D:6:      minmay_flawed_box, layout_cave_pools, lemuel_doored_altar,
          minmay_temple_entry_statues, corexii_checkpoint_b,
          minmay_statues_item, uniq_crazy_yiuf_cottage, uniq_eustachio,
          uniq_blork_the_orc
D:7:      layout_rooms, okawaru_gym_becter, mainiacjoe_overflow_alcove_4,
          serial_shops, shop, minivault_22, minmay_nine_imps
D:8:      layout_rooms, nicolae_elyvilon_peaceful_grove,
          mainiacjoe_overflow_six_doors_small, serial_shops, shop, shop,
          nicolae_shop_gaudy_bauble, minivault_24, uniq_pikel
D:9:      layout_loops_ring, lair_entry_dummy, serial_shops, shop, shop,
          shop_fountains, shop, nicolae_shop_hallway_plus, minmay_pinched_square
D:10:     layout_cave_pods, hiddenorc1_lemuel, uniq_harold
D:11:     cheibrodos_helix_gallery, layout_cave_pools, gauntlet_entry_generic,
          nicolae_benzene_ring, columned_hall_lemuel,
          chequers_serial_rivers_micro_a, uniq_josephine
Temple:   regret_index_temple_waves
Lair:1:   layout_small_grid
Lair:2:   layout_small_grid, dummy_snake_entry, serial_bayou_shore_a,
          uniq_nergalle
Lair:3:   layout_loops_ring, palyth_hydra_swamp_entry,
          infiniplex_staircase_pool_2, lemuel_fruit_tree, serial_bayou_shore_b,
          grunt_megastairs_4
Lair:4:   layout_hall_layers
Lair:5:   minmay_lair_end_frog_pond, layout_loops_ring,
          nicolae_slime_entry_field_trip
Gauntlet: gammafunk_gauntlet_77_escape_option
          [minmay_gauntlet_arena_77_radiant_squares,
          minmay_gauntlet_arena_77_cramped, minmay_gauntlet_arena_77_checkered,
          minmay_gauntlet_arena_77_museum, minmay_gauntlet_arena_77_two_lines,
          gauntlet_exit_watery]

Skill      XL: |  1  2  3  4  5  6  7  8  9 10 11 12 13 14 |
---------------+-------------------------------------------+-----
Unarmed Combat | 4 5 7 8 9 12 14 15 17 | 17.7
Transmutations | 2 3 4 |  4.0
Invocations    | 5 7 8 10 | 10.9
Fighting       | 7 |  7.4
Dodging        | 9 |  9.3

Action                     |  1- 3 |  4- 6 |  7- 9 | 10-12 | 13-15 || total
---------------------------+-------+-------+-------+-------+-------++-------
  Melee: Unarmed           |    43 |    78 |   190 |   348 |   328 ||   987
         Headbutt          |       |       |       |    64 |    74 ||   138
   Cast: Wereblood         |       |       |       |     7 |     4 ||    11
 Invoke: Temporal Distorti |       |       |       |     1 |       ||     1
  Evoke: Wand              |       |     1 |       |     4 |       ||     5
    Use: Potion            |     1 |     2 |     1 |     1 |     1 ||     6
         Scroll            |       |     1 |    13 |     5 |     1 ||    20
   Stab: Distracted        |       |       |       |     1 |     1 ||     2
         Petrified         |       |       |       |       |     4 ||     4
         Petrifying        |       |       |       |       |     3 ||     3
 Armour: Robe              |    14 |    28 |    93 |       |       ||   135
         Steam dragon scal |       |       |     1 |    92 |    46 ||   139
  Dodge: Dodged            |    16 |    30 |    63 |   149 |   172 ||   430
  Block: Orb               |       |    11 |    31 |    59 |    43 ||   144
         Reflection        |       |     1 |     4 |     2 |       ||     7

Table legend: (Time is in decaauts)
 A = Elapsed time spent in this place.
 B = Non-inter-level travel time spent in this place.
 C = Inter-level travel time spent in this place.
 D = Time resting spent in this place.
 E = Time spent auto-exploring this place.
 F = Levels seen in this place.
 G = Mean time per level.
                   A        B        C        D        E       F      G
               +--------+--------+--------+--------+--------+-----+--------+
         Total |  17161 |  16120 |   1041 |    371 |  12345 |  18 |  953.4 |
       Dungeon |   8719 |   8223 |    496 |    178 |   6165 |  11 |  792.6 |
        Temple |     87 |     47 |     40 |      0 |     18 |   1 |   87.0 |
          Lair |   7818 |   7314 |    504 |    144 |   5920 |   5 | 1563.6 |
      Gauntlet |    536 |    536 |      0 |     49 |    242 |   1 |  536.0 |
               +--------+--------+--------+--------+--------+-----+--------+

Top non-repeatable levels by time:
  Lair:2: 1696 daAuts
  Lair:5: 1667 daAuts
  Lair:1: 1554 daAuts
    D:10: 1549 daAuts
  Lair:3: 1490 daAuts
     D:9: 1436 daAuts
  Lair:4: 1410 daAuts
     D:8: 985 daAuts
     D:6: 802 daAuts
     D:4: 778 daAuts
     D:5: 750 daAuts
     D:7: 729 daAuts
     D:2: 626 daAuts
     D:1: 587 daAuts
Gauntlet: 536 daAuts
